 Dungeon Crawl Stone Soup version 0.24-b1-44-g37ad8b309f (webtiles) character file.

Game seed: 10526042176739589640, levelgen mode: deterministic

172 Emblim88 the Skirmisher (level 5, 0/33 HPs)
             Began as a Gargoyle Monk on Oct 23, 2019.
             Slain by an orc warrior
             ... wielding a +0 dire flail
              (11 damage)
             ... on level 3 of the Dungeon.
             The game lasted 00:04:18 (2764 turns).

Emblim88 the Skirmisher (Gargoyle Monk)             Turns: 2764, Time: 00:04:18

Health: 0/33       AC:  8    Str: 14    XL:     5   Next: 53%
Magic:  5/5        EV: 12    Int: 11    God:
Gold:   165        SH:  0    Dex: 13    Spells: 4/4 levels left

rFire    . . .     SeeInvis .   a - +0 falchion
rCold    + . .     Gourm    .   (no shield)
rNeg     + . .     Faith    .   d - +0 ring mail
rPois    ∞         Spirit   .   g - +0 helmet
rElec    +         Reflect  .   (no cloak)
rCorr    .         Harm     .   (no gloves)
MR       .....                  (no boots)
Stlth    +.........             (no amulet)
HPRegen  0.11/turn              (no ring)
MPRegen  0.09/turn              (no ring)

@: no status effects
A: cold resistance 1, deformed body, negative energy resistance 1, electricity
resistance, unbreathing, petrification resistance, rot immunity, AC +4
a: no special abilities


You were on level 3 of the Dungeon.
You were not hungry.

You visited 1 branch of the dungeon, and saw 3 of its levels.

You collected 165 gold pieces.

Inventory:

Hand Weapons
 a - a +0 falchion (weapon)
Missiles
 f - 4 atropa-tipped darts (quivered)
Armour
 d - a +0 ring mail (worn)
 g - a +0 helmet (worn)
 s - a +0 chain mail
 v - a +0 scale mail
Jewellery
 x - a +5 ring of strength {unknown}
Scrolls
 b - 3 scrolls of fog {unknown}
 e - 2 scrolls of random uselessness {unknown}
 i - a scroll of amnesia {unknown}
 j - 2 scrolls of magic mapping {unknown}
 l - 2 scrolls of fear {unknown}
 m - 7 scrolls of identify {unknown}
 o - 4 scrolls of teleportation {unknown}
 r - 3 scrolls of blinking {unknown}
 u - 3 scrolls of remove curse {unknown}
Potions
 k - 2 potions of magic
 n - a potion of curing
 p - a potion of agility {unknown}
 q - a potion of brilliance {unknown}
 t - a potion of haste {unknown}
 w - a potion of invisibility {unknown}
Comestibles
 c - 3 rations


   Skills:
 + Level 4.2 Fighting
 + Level 3.4 Long Blades
 + Level 1.5 Throwing
 + Level 2.3 Armour
 + Level 3.1 Dodging
 - Level 2.1 Stealth


You had 4 spell levels left.
You didn't know any spells.
Your spell library was empty.

Dungeon Overview and Level Annotations

Branches:
Dungeon (3/15)

Altars:
Fedhas
Nemelex Xobeh
Okawaru
Trog


Innate Abilities, Weirdness & Mutations

You are resistant to torment.
Your stone body is resilient. (AC +4)
You are immune to poison.
You resist negative energy. (rN+)
You are resistant to electric shocks. (rElec)
You can survive without breathing.
You are immune to petrification.
You are immune to rotting.
Your flesh is cold resistant. (rC+)
Armour fits poorly on your strangely shaped body.


Message History

You are too injured to fight recklessly!
You are too injured to fight recklessly!
You are too injured to fight recklessly!
You are too injured to fight recklessly!
You are too injured to fight recklessly!
It was a potion of magic.
Magic courses through your body.
The orc warrior hits you with a +0 dire flail.
* * * LOW HITPOINT WARNING * * *
It was a potion of curing.
You feel better. The orc hits you but does no damage.
The orc warrior hits you with a +0 dire flail.
It was a potion of mutation.
You feel extremely strange.
Your body twists and deforms.
You feel resistant to cold. The orc barely misses you.
You riposte.
You hit the orc but do no damage. The orc warrior closely misses you.
You barely miss the orc warrior. The orc closely misses you.
You riposte.
You slash the orc!
You kill the orc!
The orc warrior hits you with a +0 dire flail!
You die...

#.# #.# #.#
#####.#####.#####.#
................#.#
#####.............#
#.#####.##....# #.#
#.##).### #.#
#.##..#
#.#####.##..########
#.......##..@o......
######..###.#†######
#..# #.###
##########>.# ###
.........#..#
###.####.#..# #.#
#.#..# #.# #.#.##
#.# #.#.#


You could see an orc warrior.

Vanquished Creatures
  2 orc wizards (D:3)
  2 adders
  An ooze (D:2)
  A worm (D:2)
  2 dart slugs (D:2)
  3 leopard geckos
  5 orcs (D:3)
  2 ball pythons
  4 bats
  3 giant cockroaches
  8 goblins
  16 hobgoblins
  3 jackals (D:2)
  4 frilled lizards
  7 kobolds
  10 rats
73 creatures vanquished.

Notes
Turn   | Place    | Note
-------+----------+-------------------------------------------
     0 | D:1      | Emblim88 the Gargoyle Monk began the quest for the Orb.
     0 | D:1      | Reached XP level 1. HP: 14/14 MP: 1/1
   184 | D:1      | Reached XP level 2. HP: 6/19 MP: 2/2
   531 | D:1      | Reached skill level 1 in Armour
   868 | D:1      | Reached XP level 3. HP: 23/23 MP: 3/3
  1143 | D:2      | Found a blossoming altar of Fedhas.
  1341 | D:2      | Reached XP level 4. HP: 28/29 MP: 4/4
  1410 | D:2      | Reached skill level 1 in Throwing
  1562 | D:2      | Found an iron altar of Okawaru.
  1562 | D:2      | Found a bloodstained altar of Trog.
  1702 | D:3      | Found a faded altar of an unknown god.
  1925 | D:3      | Reached skill level 4 in Fighting
  1925 | D:3      | Reached XP level 5. HP: 27/33 MP: 5/5
  2629 | D:3      | Found a sparkling altar of Nemelex Xobeh.
  2759 | D:3      | Noticed an orc warrior
  2763 | D:3      | Gained mutation: Armour fits poorly on your strangely
                  | shaped body. [potion of mutation]
  2763 | D:3      | Gained mutation: Your flesh is cold resistant. (rC+)
                  | [potion of mutation]
  2764 | D:3      | Slain by an orc warrior

Skill      XL: |  1  2  3  4 |
---------------+-------------+-----
Armour         | 1 2 |  2.3
Long Blades    | 3 |  3.4
Throwing       | 1 |  1.5
Fighting       | 4 |  4.2
Dodging        | 3 |  3.1
Stealth        | |  2.1

Action                   |  1- 3 |  4- 6 || total
-------------------------+-------+-------++-------
Melee: Falchion          |   127 |   112 ||   239
  Use: Potion            |       |     3 ||     3
  Eat: Chunk             |     1 |     2 ||     3
       Ration            |       |     1 ||     1
Armor: Ring mail         |    56 |    75 ||   131
       Robe              |     2 |       ||     2
Dodge: Dodged            |    73 |    97 ||   170
       Rpst.: Falchion   |    22 |    30 ||    52
